 Dungeon Crawl Stone Soup version 0.14-a0-1585-g835621a (webtiles) character file.

371 HollowCharge the Slasher (level 4, 0/31 HPs)
             Began as a High Elf Skald on Dec 22, 2013.
             Slain by Fv001's ghost (1 damage)
             ... on Level 4 of the Dungeon.
             The game lasted 00:22:16 (3952 turns).

HollowCharge the Slasher (High Elf Skald)           Turns: 3952, Time: 00:22:17

HP   0/31        AC  3     Str 12      XL: 4   Next: 97%
MP  10/11        EV 11     Int 15      God:
Gold 236         SH  0     Dex 15      Spells:  3 memorised,  2 levels left

rFire  . . .     SeeInvis .     a - +0 elf falchion
rCold  . . .     Clarity  .     b - +0 elf leather armour
rNeg   . . .     Conserve .     (no shield)
rPois  .         rCorr    .     (no helmet)
rElec  .         rRot     .     (no cloak)
SustAb . .       Spirit   .     (no gloves)
rMut   .         Warding  .     (no boots)
Saprov . . .     Stasis   .     (no amulet)
                                (no ring)
                                (no ring)

@: slightly resistant to hostile enchantments, unstealthy
A: no striking features
a: no special abilities


You were on level 4 of the Dungeon.
You were not hungry.

You visited 1 branch of the dungeon, and saw 4 of its levels.

You collected 236 gold pieces.

Inventory:

Hand weapons
 a - a +0,+0 elven falchion (weapon)
Armour
 b - a +0 elven leather armour (worn)
 f - a +0 chain mail
Comestibles
 d - 7 bread rations
 g - a lemon
 h - 3 meat rations
 k - a choko
Scrolls
 e - 2 scrolls of identify
 m - 4 scrolls of teleportation
 o - 3 scrolls of random uselessness {unknown}
Potions
 j - 2 potions of curing
 n - a potion of degeneration {unknown}
Books
 c - a book of Battle

   Spells                             Type                      Level
   *Infusion                          Charms                       1
   *Shroud of Golubria                Charms/Translocation         2
   *Song of Slaying                   Charms                       2
   Spectral Weapon                    Hexes/Charms                 3
   Regeneration                       Charms/Necromancy            3


   Skills:
 * Level 3.4 Fighting
 * Level 4.6 Long Blades
 - Level 0.8 Armour
 + Level 2.1 Dodging
 - Level 2.4 Spellcasting
 - Level 3.7 Charms


You had 2 spell levels left.
You knew the following spells:

 Your Spells              Type           Power        Failure   Level  Hunger
a - Infusion              Chrm           ##....       6%          1    #......
b - Song of Slaying       Chrm           ##......     10%         2    ##.....
c - Shroud of Golubria    Chrm/Tloc      #.........   17%         2    ##.....


Dungeon Overview and Level Annotations

Branches:
Dungeon (4/16)
 Temple: D:4-7

Altars:
Ashenzari
Cheibriados
Elyvilon
Nemelex Xobeh
Vehumet
the Shining One

Annotations:
D:4 Fv001's ghost, average DrFi


Message History

Fv001's ghost (average Draconian Fighter) comes into view.
Fv001's ghost turns its malevolent gaze towards you.
Found a scroll of noise.
Press: ? - help, v - describe, . - travel
Here: Fv001's ghost The floor.
Casting: Infusion
Confirm with . or Enter, or press ? or * to list all spells.
Your attacks are magically infused.
You hit Fv001's ghost but do no damage.
Fv001's ghost ripples.
Fv001's ghost hits you!
You closely miss Fv001's ghost. Fv001's ghost hits you. Fv001's ghost hits you.
You closely miss Fv001's ghost. Fv001's ghost hits you!
* * * LOW HITPOINT WARNING * * *
You hit Fv001's ghost.
Fv001's ghost is lightly damaged.
You are feeling less magically infused.
Fv001's ghost hits you.
You die...

...? ....oo.....
.......... #......o..
...........# #.....o...
#...........'.#..>o.o...
#...........# #.....r..)
#...........# #.........
#...........# #.........
#...........# #..!......
#......@p...# #...$.....
############# #########


You could see Fv001's ghost.

Vanquished Creatures
  An orc wizard (D:3)
  3 adders
  A worm (D:2)
  A grey rat (D:2)
  A giant gecko (D:3)
  8 orcs
  5 giant cockroaches
  8 goblins
  5 hobgoblins
  4 quokkas
  3 ball pythons
  10 bats
  3 giant newts
  2 kobolds
  10 rats
65 creatures vanquished.

Notes
Turn   | Place    | Note
--------------------------------------------------------------
     0 | D:1      | HollowCharge, the High Elf Skald, began the quest for the Orb.
     0 | D:1      | Reached XP level 1. HP: 14/14 MP: 4/4
   142 | D:1      | Reached XP level 2. HP: 18/20 MP: 6/6
   321 | D:1      | Learned a level 2 spell: Song of Slaying
   324 | D:1      | Learned a level 2 spell: Shroud of Golubria
  1217 | D:2      | Found a sparkling altar of Nemelex Xobeh.
  1412 | D:2      | Reached XP level 3. HP: 18/25 MP: 5/8
  2205 | D:3      | Reached skill level 4 in Long Blades
  2222 | D:3      | Reached XP level 4. HP: 27/31 MP: 4/11
  2742 | D:3      | Found a white marble altar of Elyvilon.
  2746 | D:3      | Found a radiant altar of Vehumet.
  2750 | D:3      | Found a snail-covered altar of Cheibriados.
  2750 | D:3      | Found a glowing golden altar of the Shining One.
  3834 | D:4      | Found a shattered altar of Ashenzari.
  3840 | D:4      | Saw a vision of the Shoals and the Spider Nest.
  3840 | D:4      | Noticed a sea snake
  3840 | D:4      | Noticed a sea snake
  3840 | D:4      | Noticed a mermaid
  3840 | D:4      | Noticed a redback
  3840 | D:4      | Noticed a mermaid
  3840 | D:4      | Noticed a merfolk
  3841 | D:4      | Noticed a merfolk
  3842 | D:4      | Noticed a redback
  3880 | D:4      | Noticed a phantom
  3906 | D:4      | Noticed a trapdoor spider
  3907 | D:4      | Noticed a trapdoor spider
  3914 | D:4      | Noticed a trapdoor spider
  3914 | D:4      | Noticed a trapdoor spider
  3946 | D:4      | Noticed Fv001's ghost (average DrFi)
  3951 | D:4      | HP: 1/31 [Fv001's ghost (10)]
  3952 | D:4      | Slain by Fv001's ghost

Action                   |  1- 3 |  4- 6 || total
-------------------------+-------+-------++-------
Melee: Falchion          |   121 |    73 ||   194
 Cast: Infusion          |     7 |     6 ||    13
       Shroud of Golubri |     1 |     1 ||     2
  Use: Scroll            |    10 |     2 ||    12
       Potion            |     6 |       ||     6
 Stab: Sleeping          |     1 |       ||     1
